 Dungeon Crawl Stone Soup version 0.30.1-11-g7821555f0a (webtiles) character file.

Game seed: 17194558960492494438

1053 lonewolfV2 the Ducker (level 8, -4/70 HPs)
             Began as a Minotaur Fighter on Nov 6, 2023.
             Slain by an orc warrior
             ... wielding a +1 flail of protection
              (13 damage)
             ... on level 6 of the Dungeon.
             The game lasted 00:05:26 (5190 turns).

lonewolfV2 the Ducker (Minotaur Fighter)            Turns: 5190, Time: 00:05:27

Health: -4/70      AC: 11    Str: 22    XL:     8   Next: 5%
Magic:  7/7        EV: 11    Int:  5    God:
Gold:   116        SH:  9    Dex: 11    Spells: 7/7 levels left

rFire   . . .        m - +4 falchion of Panoasm {flame, rElec}
rCold   + . .        g - +1 kite shield
rNeg    . . .        b - +0 scale mail
rPois   .            (helmet restricted)
rElec   +            (no cloak)
rCorr   .            (no gloves)
SInv    .            p - +2 pair of boots
Will    .....        (no amulet) Stlth
                     i - ring of protection from cold
HPRegen 0.31/turn    (no ring)
MPRegen 0.10/turn

%: no passive effects
@: no status effects
A: horns 2, retaliatory headbutt
a: no special abilities


You were on level 6 of the Dungeon.
You visited 1 branch of the dungeon, and saw 6 of its levels.

You collected 116 gold pieces.

Inventory:

Hand Weapons
 a - a +1 war axe
 m - the +4 falchion of Panoasm (weapon) {flame, rElec}
   (You found it on level 2 of the Dungeon)

   rElec:     It insulates you from electricity.
Armour
 b - a +0 scale mail (worn)
 g - a +1 kite shield (worn)
 p - a +2 pair of boots (worn)
Jewellery
 i - a ring of protection from cold (left hand)
Wands
 l - a wand of polymorph (15)
Scrolls
 f - a scroll of magic mapping
 n - a scroll of enchant weapon
 o - 3 scrolls of teleportation
 t - a scroll of identify
Potions
 c - 3 potions of degeneration
 d - 3 potions of might
 e - 2 potions of heal wounds
 h - a potion of ambrosia
 j - a potion of resistance
 k - a potion of mutation {unknown}
 q - a potion of cancellation {unknown}
 r - a potion of magic {unknown}
 s - a potion of curing {unknown}
 u - a potion of invisibility {unknown}


   Skills:
 - Level 5.7 Fighting
 * Level 4.1 Long Blades
 - Level 2.4 Axes
 + Level 6.5 Armour
 * Level 6.8 Dodging
 - Level 3.6 Shields


You had 7 spell levels left.
You didn't know any spells.
Your spell library was empty.

Dungeon Overview and Level Annotations

Branches:
Dungeon (6/15)
 Temple: D:4-7

Altars:
Ashenzari
Ru
Vehumet

Shops:
D:2 =   D:5 :

Annotations:
D:3 1 runed translucent door


Innate Abilities, Weirdness & Mutations

You have a pair of horns on your head.
You reflexively headbutt those who attack you in melee.


Message History

The orc warrior is severely wounded.
A wight comes into view. It is wielding a +3 great sword.
You block the orc's attack. You block the wight's attack.
The orc warrior misses you. You furiously retaliate!
You headbutt the orc warrior.
You hit the orc warrior but do no damage.
The orc warrior is almost dead.
The orc misses you. The orc warrior barely misses you.
The orc completely misses you. You furiously retaliate!
You headbutt the orc.
You kill the orc!
You block the wight's attack. The wight barely misses you.
You barely miss the orc warrior.
The orc warrior is almost dead.
The orc warrior hits you with a +1 flail of protection.
A wight comes into view. It is wielding a +0 long sword.
The wight barely misses you. You furiously retaliate!
You headbutt the wight. You block the wight's attack.
The orc warrior hits you but does no damage.
You hit the orc warrior. You burn the orc warrior.
The orc warrior is almost dead.
The wight closely misses you. You block the wight's attack.
You block the orc warrior's attack.
You barely miss the orc warrior.
The orc warrior is almost dead.
The wight closely misses you.
A wight comes into view. It is wielding a +0 dagger.
You block the wight's attack.
The orc warrior hits you with a +1 flail of protection!
You hit the wight. You burn the wight.
The wight is moderately damaged.
The wight hits you with a +3 great sword!
* * * LOW HITPOINT WARNING * * *
You block the wight's attack. x2
The orc warrior hits you with a +1 flail of protection.
* * * LOW HITPOINT WARNING * * *
You hit the wight. You burn the wight.
You headbutt the wight, but do no damage.
The wight is heavily damaged.
The orc warrior hits you with a +1 flail of protection!
You die...

≈§≈###.#...#
§≈#........
≈.#........
z#........
###...)....#
#...z#.....#
#..)oz......
#.z@z...#
##.)###.#
#......##.###
#...........#
#..#.#......#
#....#......#
#...........#
#...........#
#.###########


You could see an orc warrior and 5 wights.

Vanquished Creatures
  The ghost of Kranky the Grasshopper, an amateur GnWr (D:3)
  An ogre (D:4)
  A phantom (D:5)
  2 bullfrogs
  5 hounds (D:5)
  Crazy Yiuf (D:3)
  2 orc priests
  A sleepcap (D:5)
  A gnoll bouda (D:5)
  Jessica (D:3)
  2 iguanas (D:4)
  An orc wizard (D:5)
  8 gnolls
  9 adders
  2 shadow imps (D:5)
  A white imp (D:5)
  A worm (D:3)
  A dart slug (D:1)
  11 orcs
  4 ball pythons
  2 endoplasms (D:1)
  4 giant cockroaches
  7 goblins
  3 hobgoblins
  7 jackals
  6 kobolds
  9 quokkas
  8 bats
  2 frilled lizards
  7 rats
111 creatures vanquished.

Notes
Turn   | Place    | Note
-------+----------+-------------------------------------------
     0 | D:1      | lonewolfV2 the Minotaur Fighter began the quest for the
                  | Orb.
     0 | D:1      | Reached XP level 1. HP: 19/19 MP: 0/0
    99 | D:1      | Reached skill level 1 in Dodging
   123 | D:1      | Reached XP level 2. HP: 27/27 MP: 1/1
   346 | D:1      | Reached XP level 3. HP: 32/33 MP: 2/2
  1052 | D:2      | Found Zypupeampi's Jewellery Shoppe.
  1069 | D:2      | Reached XP level 4. HP: 29/40 MP: 3/3
  1493 | D:2      | Identified the +4 falchion of Panoasm {flame, rElec}
  1963 | D:3      | Found a runed translucent door.
  1969 | D:3      | Noticed Kranky's ghost (amateur GnWr)
  1981 | D:3      | Killed Kranky's ghost
  1982 | D:3      | Reached XP level 5. HP: 27/47 MP: 4/4
  1987 | D:3      | Reached skill level 5 in Armour
  1990 | D:3      | Reached skill level 5 in Fighting
  1990 | D:3      | Reached XP level 6. HP: 17/56 MP: 5/5
  2322 | D:3      | Found a runed translucent door.
  2366 | D:3      | Found a faded altar of an unknown god.
  2565 | D:3      | Found a radiant altar of Vehumet.
  2595 | D:3      | Found a runed translucent door.
  2596 | D:3      | Noticed Crazy Yiuf
  2745 | D:3      | Noticed Jessica
  2751 | D:3      | Killed Jessica
  2980 | D:3      | Killed Crazy Yiuf
  3349 | D:4      | Reached skill level 5 in Dodging
  3596 | D:4      | Identified the +5 spear of Benevolence {drain, *Slow rElec
                  | Stlth+}
  3622 | D:4      | Found a broken altar of Ashenzari.
  3809 | D:4      | Reached XP level 7. HP: 62/62 MP: 6/6
  3991 | D:5      | Entered Level 5 of the Dungeon
  4234 | D:5      | Reached skill level 1 in Long Blades
  4387 | D:5      | Found a sacrificial altar of Ru.
  4708 | D:5      | Reached XP level 8. HP: 69/70 MP: 7/7
  4755 | D:5      | Found Vays's Tremendous Tomes.
  5190 | D:6      | Slain by an orc warrior

Illustrated notes

Levels and vault maps discovered:
D:1:      wander_arrival_abandoned_jail, layout_basic
D:2:      layout_basic, serial_shops, nicolae_shop_tiny_glass
D:3:      layout_loops_ring, mainiacjoe_overflow_chevrons,
          dreamdust_ecumenical_altar_angels_and_demons, ebering_ghost_sewer_f,
          uniq_jessica, uniq_crazy_yiuf_cottage
D:4:      layout_rooms, nicolae_ashenzari_skybound
D:5:      layout_basic, nicolae_overflow_crystal_walls, grunt_decor_one_mirror,
          nicolae_shop_i_like_big_books
D:6:      layout_loops_cross, led_sif_book, mainiacjoe_overflow_paths,
          nicolae_uskayaw_murder_on_the_dancefloor, minmay_temple_entry_statues,
          serial_shops, shop, uniq_maggie, uniq_blork_the_orc

Skill      XL: |  1  2  3  4  5  6  7  8 |
---------------+-------------------------+-----
Dodging        | 1 2 4 5 6 |  6.8
Fighting       | 4 5 |  5.7
Armour         | 4 5 6 |  6.5
Long Blades    | 3 4 |  4.1
Axes           | |  2.4
Shields        | |  3.6

Action                     |  1- 3 |  4- 6 |  7- 9 || total
---------------------------+-------+-------+-------++-------
  Melee: War axe           |    55 |    25 |       ||    80
         Headbutt          |     5 |    15 |    21 ||    41
         Falchion          |       |    94 |   119 ||   213
    Use: Scroll            |     4 |     6 |     1 ||    11
 Armour: Scale mail        |    25 |    57 |    52 ||   134
  Dodge: Dodged            |    27 |    56 |    58 ||   141
  Block: Buckler           |     8 |       |       ||     8
         Kite shield       |    23 |    59 |    75 ||   157
